 Dungeon Crawl Stone Soup version 0.18.1-50-g88ac8fd (webtiles) character file.

5 Amnesiac the Charlatan (level 1, -1/16 HPs)
             Began as a Deep Dwarf Artificer on Feb 28, 2018.
             Slain by a worm (6 damage)
             ... on level 2 of the Dungeon.
             The game lasted 00:00:28 (148 turns).

Amnesiac the Charlatan (Deep Dwarf Artificer)        Turns: 148, Time: 00:00:29

Health: -1/16      AC:  3    Str: 14    XL:     1   Next: 66%
Magic:  3/3        EV: 12    Int: 12    God:
Gold:   41         SH:  0    Dex: 13    Spells: 0 memorised, 0 levels left

rFire  . . .     SeeInvis .     a - +0 short sword
rCold  . . .     Gourm    .     b - +0 leather armour
rNeg   . . .     Faith    .     (no shield)
rPois  .         Spirit   .     (no helmet)
rElec  .         Dismiss  .     (no cloak)
rCorr  .         Reflect  .     (no gloves)
SustAt .         Harm     .     (no boots)
MR     .....                    (no amulet)
Stlth  +.........               (no ring)
                                (no ring)

@: non-regenerating, not resistant to hostile enchantments, very unstealthy
A: damage resistance, recharge devices, sense surroundings 1, slow regeneration
3
a: Device Recharging


You were on level 2 of the Dungeon.
You were not hungry.

You visited 1 branch of the dungeon, and saw 2 of its levels.

You collected 41 gold pieces.

Inventory:

Hand Weapons
 a - a +0 short sword (weapon)
Missiles
 j - 21 sling bullets
 k - 12 poisoned needles
Armour
 b - a +0 leather armour (worn)
Wands
 c - a wand of flame (15/48)
 d - a wand of enslavement (15/24)
 e - a wand of random effects (15/48)
 f - a wand of heal wounds (5/9)
Scrolls
 l - a scroll of enchant weapon {!r, unknown}
Potions
 i - a potion of mutation {!q, unknown}
Comestibles
 g - a bread ration
 h - a chunk of flesh


   Skills:
 - Level 0.8 Fighting
 - Level 0.8 Short Blades
 - Level 2.1 Dodging
 - Level 1.2 Stealth
 + Level 4.5 Evocations


You couldn't memorise any spells.
You didn't know any spells.

Dungeon Overview and Level Annotations

Branches:
Dungeon (2/15)

Altars:


Innate Abilities, Weirdness & Mutations

You are resistant to damage.
You can recharge devices by infusing magical energy.
You passively map a small area around you.
You do not regenerate naturally.


Message History

You see here a bat corpse.
You now have 41 gold pieces (gained 9).
You open the door.
A bat comes into view.
Found a hand axe and 12 poisoned needles.
A bat is nearby!
Found 21 sling bullets.
There is an open door here.
The bat closely misses you. The bat closely misses you.
The bat barely misses you. The bat hits you.
The bat hits you but does no damage.
You hit the bat.
The bat is severely wounded.
The bat hits you. The bat barely misses you.
You barely miss the bat.
The bat is severely wounded.
The bat barely misses you. The bat hits you but does no damage.
You hit the bat.
You kill the bat!
No target in view!
No target in view!
j - 21 sling bullets
k - 12 poisoned needles You open the door.
A giant cockroach comes into view.
Found a stone staircase leading down.
A giant cockroach is nearby!
There is an open door here.
The giant cockroach barely misses you.
You hit the giant cockroach.
You kill the giant cockroach!
No target in view!
No target in view!
There is a stone staircase leading down here.
You climb downwards.
Found a short sword.
There is a stone staircase leading up here.
Search for what [? for help]? sli You see here a short sword.
l - a scroll labeled WUKOINL CAAXT {!r} A rat and a worm come into view.
The rat twitches its whiskers.
You hit the rat.
The rat is heavily wounded.
The rat barely misses you.
You barely miss the rat.
The rat is heavily wounded.
The rat bites you.
You hit the rat.
You kill the rat!
You hit the worm.
The worm is lightly wounded.
You hit the worm.
The worm is lightly wounded.
The worm bites you!
Ouch! That really hurt!
* * * LOW HITPOINT WARNING * * *
You hit the worm.
The worm is moderately wounded.
The worm bites you!
You die...

, , , #.#....# ,,
#.#..... ,
#.#.#### **
#.#..... *
#.######
#######.#.#.# #
#.........#.######
#w#####.### #.....
#@# ,, #.#### #.#
* #.# #.# #.# #.#
########.# #.#
#........# #.#
#.######## #.# #.#
#.# #.# #.####.#


You could see a worm.

Vanquished Creatures
  A ball python (D:1)
  A giant cockroach (D:1)
  2 bats (D:1)
  2 rats
6 creatures vanquished.

Notes
Turn   | Place    | Note
--------------------------------------------------------------
     0 | D:1      | Amnesiac the Deep Dwarf Artificer began the quest for the Orb.
     0 | D:1      | Reached XP level 1. HP: 16/16 MP: 3/3
   148 | D:2      | Slain by a worm

Action                   || total
-------------------------++-------
Melee: Short sword       ||    13
 Stab: Sleeping          ||     1
Armor: Leather armour    ||     2
Dodge: Dodged            ||     8
